 Dungeon Crawl Stone Soup version 0.29.0-4-gdea44cf6ec (webtiles) character file.

Game seed: 11939624222004994738

2069 qw the Cleaver (level 9, -8/120 HPs)
             Began as a Minotaur Berserker on Sept 9, 2022.
             Was a Priest of Trog.
             Mangled by an 11-headed hydra (13 damage)
             ... on level 6 of the Dungeon.
             The game lasted 00:01:45 (5696 turns).

qw the Cleaver (Minotaur Berserker)                 Turns: 5696, Time: 00:01:46

Health: -8/120     AC: 12    Str: 27    XL:     9   Next: 5%
Magic:  8/8        EV:  8    Int:  4    God:    Trog [***...]
Gold:   296        SH:  0    Dex:  9    Spells: 8/8 levels left

rFire   . . .      SeeInvis +   Y - +0 war axe
rCold   . . .      Faith    .   (no shield)
rNeg    . . .      Spirit   .   g - +0 plate armour
rPois   .          Reflect  .   (helmet restricted)
rElec   .          Harm     .   (no cloak)
rCorr   .          Rampage  .   (no gloves)
Will    .....                   (no boots)
Stlth   ..........              b - amulet of regeneration
HPRegen 1.10/turn               k - +4 ring of slaying {mikee}
MPRegen 0.11/turn               h - ring of see invisible

@: berserking, very quick
A: horns 2, retaliatory headbutt
a: Renounce Religion, Berserk, Trog's Hand


You were on level 6 of the Dungeon.
You worshipped Trog.
Trog was most pleased with you.
You visited 1 branch of the dungeon, and saw 6 of its levels.

You collected 296 gold pieces.


Innate Abilities, Weirdness & Mutations

You have a pair of horns on your head.
You reflexively headbutt those who attack you in melee.


   Skills:
 - Level 7.7 Fighting
 + Level 12.0 Axes
 - Level 1.0 Throwing
 - Level 5.1 Armour
 - Level 2.1 Dodging


You had 8 spell levels left.
You didn't know any spells.
Your spell library was empty.

Inventory:

Hand Weapons
 j - a +0 flail
 Y - a +0 war axe (weapon)
Missiles
 d - 11 boomerangs (quivered)
Armour
 g - a +0 plate armour (worn)
Jewellery
 a - a ring of protection from cold
 b - an amulet of regeneration (around neck)
 h - a ring of see invisible (right hand)
 k - a +4 ring of slaying (left hand) {mikee}
Scrolls
 i - a scroll of identify
 n - a scroll of amnesia {unknown}
 o - a scroll of enchant armour {unknown}
 r - 2 scrolls of teleportation
Potions
 c - a potion of might
 e - a potion of lignification {unknown}
 f - a potion of curing
 l - 2 potions of heal wounds
 m - a potion of haste {unknown}
 q - a potion of cancellation {unknown}

Dungeon Overview and Level Annotations

Branches:
Dungeon (6/15)             Temple (0/1) D:5

Altars:
Okawaru

Shops:
D:6 ?

Annotations:
D:3 1 runed translucent door, Crazy Yiuf


Message History

The nine-headed hydra is heavily wounded.
The nine-headed hydra bites you but does no damage.
The nine-headed hydra closely misses you.
The nine-headed hydra bites you.
The nine-headed hydra barely misses you.
The nine-headed hydra bites you.
The nine-headed hydra bites you but does no damage. x4
You barely miss the nine-headed hydra.
The nine-headed hydra is heavily wounded.
You barely miss the nine-headed hydra. You headbutt the nine-headed hydra!
The nine-headed hydra is heavily wounded.
The nine-headed hydra barely misses you.
You furiously retaliate!
You headbutt the nine-headed hydra!
The nine-headed hydra bites you but does no damage. x2
The nine-headed hydra bites you. x2; The nine-headed hydra bites you! x2
The nine-headed hydra bites you but does no damage.
The nine-headed hydra bites you.
You hack one of the nine-headed hydra's heads off!
The eight-headed hydra grows two more!
You slash the ten-headed hydra! You headbutt the ten-headed hydra!
The ten-headed hydra is almost dead.
You hack one of the ten-headed hydra's heads off!
The nine-headed hydra grows two more!
You slice the 11-headed hydra!!
The 11-headed hydra is almost dead.
The 11-headed hydra bites you but does no damage.
The 11-headed hydra bites you! The 11-headed hydra bites you.
The 11-headed hydra bites you but does no damage.
The 11-headed hydra bites you!
The 11-headed hydra bites you but does no damage. x3
The 11-headed hydra bites you!
The 11-headed hydra bites you but does no damage.
The 11-headed hydra bites you!
You barely miss the 11-headed hydra.
The 11-headed hydra is almost dead.
The 11-headed hydra bites you.
The 11-headed hydra bites you but does no damage.
The 11-headed hydra barely misses you. The 11-headed hydra bites you. x2
The 11-headed hydra bites you but does no damage.
The 11-headed hydra bites you. x2; The 11-headed hydra bites you!
You die...

........ #??$#
......#.. #...#
....>##.. #...# #....
#.. #...# +... #..
#...# ##.## ##.. #...#
###...###... .
#.D(####.......#...
....##@##....#...#.....
#..............####....
#.##.......##### ##..#
#....####### #..# #####
#..# ###.. #.... #....
##...


You could see a 11-headed hydra.

Vanquished Creatures
  A cyclops (D:6)
  Grinder (D:3)
  Sigmund (D:3)
  An orc warrior (D:5)
  An ice beast (D:4)
  2 ogres (D:5)
  A centaur (D:5)
  3 phantoms
  A bullfrog (D:6)
  A necrophage (D:6)
  A killer bee (D:6)
  2 orc priests
  A hound (D:4)
  4 iguanas
  An orc wizard (D:5)
  Natasha (thrice) (D:3)
  Robin (D:2)
  3 gnolls (D:5)
  7 adders
  An ufetubus (D:6)
  4 worms
  2 dart slugs
  18 orcs
  10 ball pythons
  8 endoplasms
  3 giant cockroaches
  14 goblins
  7 hobgoblins
  3 jackals (D:1)
  6 quokkas
  3 frilled lizards (D:1)
  6 kobolds
  6 rats
127 creatures vanquished.

Notes
Turn   | Place    | Note
-------+----------+-------------------------------------------
     0 | D:1      | qw the Minotaur Berserker began the quest for the Orb.
     0 | D:1      | Reached XP level 1. HP: 19/19 MP: 0/0
     0 | D:1      | 0 ||| qw: Version: 0.1-a-113-g051387a
     0 | D:1      | 0 ||| qw: Game counter: 7094
     0 | D:1      | 0 ||| qw: Always use a shield: true
     0 | D:1      | 0 ||| qw: Do Orc after D:15 true
     0 | D:1      | 0 ||| qw: Do second Lair branch before Depths: true
     0 | D:1      | 0 ||| qw: Lair rune preference: random
     0 | D:1      | 0 ||| qw: Plans: Normal
     0 | D:1      | 0 ||| PLANNING D:1-11
   113 | D:1      | Reached skill level 4 in Axes
   250 | D:1      | Found a faded altar of an unknown god.
   426 | D:1      | Reached XP level 2. HP: 26/26 MP: 1/1
   729 | D:1      | Reached skill level 5 in Axes
   744 | D:1      | 744 ||| Stepping ~*~*~tactically~*~*~ (stealth).
   800 | D:1      | Reached XP level 3. HP: 31/31 MP: 2/2
   806 | D:1      | Reached ** piety under Trog
  1017 | D:1      | 1017 ||| UPGRADING to +0 chain mail.
  1027 | D:1      | 1027 ||| DROPPING +0 animal skin.
  1028 | D:1      | 1028 ||| UPGRADING to ring of protection from cold.
  1029 | D:1      | 1029 ||| UPGRADING to ring of see invisible.
  1030 | D:1      | 1030 ||| READING scroll labelled ISIRASY YGAGG.
  1165 | D:2      | 1165 ||| Stepping ~*~*~tactically~*~*~ (stealth).
  1166 | D:2      | 1166 ||| Stepping ~*~*~tactically~*~*~ (stealth).
  1204 | D:2      | 1204 ||| Stepping ~*~*~tactically~*~*~ (stealth).
  1205 | D:2      | 1205 ||| Stepping ~*~*~tactically~*~*~ (stealth).
  1370 | D:2      | 1370 ||| Stepping ~*~*~tactically~*~*~ (stealth).
  1520 | D:2      | 1520 ||| DROPPING +0 club.
  1547 | D:2      | 1547 ||| INVOKING Berserk.
  1721 | D:2      | Reached XP level 4. HP: 39/39 MP: 3/3
  1727 | D:2      | Reached skill level 6 in Axes
  1753 | D:2      | 1753 ||| Stepping ~*~*~tactically~*~*~ (stealth).
  1761 | D:2      | Noticed Robin
  1762 | D:2      | 1762 ||| Stepping ~*~*~tactically~*~*~ (hiding).
  1765 | D:2      | 1765 ||| Stepping ~*~*~tactically~*~*~ (hiding).
  1766 | D:2      | 1766 ||| Stepping ~*~*~tactically~*~*~ (hiding).
  1772 | D:2      | 1772 ||| INVOKING Berserk.
  1779 | D:2      | Killed Robin
  2042 | D:2      | 2042 ||| UPGRADING to +4 ring of slaying {mikee}.
  2044 | D:2      | 2044 ||| DROPPING ring of ice.
  2045 | D:2      | 2045 ||| READING scroll labelled BEUDGH WUELOLL.
  2046 | D:2      | 2046 ||| READING 3 scrolls labelled LYIT CEREY.
  2047 | D:2      | 2047 ||| READING scroll labelled XALOAHOUSEA.
  2048 | D:2      | 2048 ||| READING scroll labelled TAOREM XAHU.
  2049 | D:2      | 2049 ||| READING 2 scrolls labelled UCOOTO NIYLISH.
  2050 | D:2      | 2050 ||| READING scroll labelled XESSEA ILOO.
  2055 | D:2      | 2055 ||| DRINKING 2 dark potions.
  2056 | D:2      | 2056 ||| DRINKING 3 fizzy green potions.
  2057 | D:2      | 2057 ||| DROPPING 2 scrolls of vulnerability.
  2058 | D:2      | 2058 ||| DROPPING scroll of poison.
  2201 | D:3      | 2201 ||| SWAPPING to +0 war axe.
  2202 | D:3      | 2202 ||| DROPPING +0 hand axe.
  2228 | D:3      | 2228 ||| Stepping ~*~*~tactically~*~*~ (stealth).
  2232 | D:3      | 2232 ||| Stepping ~*~*~tactically~*~*~ (stealth).
  2236 | D:3      | Noticed Natasha
  2239 | D:3      | 2239 ||| INVOKING Berserk.
  2243 | D:3      | Killed Natasha
  2244 | D:3      | Reached skill level 7 in Axes
  2244 | D:3      | Reached XP level 5. HP: 45/45 MP: 4/4
  2267 | D:3      | Noticed Natasha
  2268 | D:3      | 2268 ||| Stepping ~*~*~tactically~*~*~ (stealth).
  2277 | D:3      | Killed Natasha
  2327 | D:3      | Noticed Sigmund
  2328 | D:3      | 2328 ||| INVOKING Berserk.
  2334 | D:3      | Killed Sigmund
  2335 | D:3      | Reached skill level 8 in Axes
  2335 | D:3      | Reached XP level 6. HP: 52/52 MP: 5/5
  2412 | D:3      | Noticed Grinder
  2413 | D:3      | 2413 ||| INVOKING Trog's Hand.
  2414 | D:3      | 2414 ||| INVOKING Berserk.
  2420 | D:3      | Killed Grinder
  2421 | D:3      | Reached skill level 9 in Axes
  2421 | D:3      | Reached XP level 7. HP: 59/59 MP: 6/6
  2626 | D:3      | 2626 ||| Stepping ~*~*~tactically~*~*~ (stealth).
  2781 | D:3      | Found a runed translucent door.
  2782 | D:3      | Noticed Crazy Yiuf
  2841 | D:3      | Noticed Natasha
  2842 | D:3      | 2842 ||| INVOKING Berserk.
  2844 | D:3      | Killed Natasha
  3093 | D:3      | 3093 ||| UPGRADING to +0 plate armour.
  3103 | D:3      | 3103 ||| DROPPING +0 chain mail.
  3104 | D:3      | 3104 ||| READING scroll labelled ROM PODOOWKU.
  3105 | D:3      | 3105 ||| READING scroll labelled OJUDIS PARGHIH.
  3106 | D:3      | 3106 ||| READING scroll labelled QANGITZ GOMUWK.
  3107 | D:3      | 3107 ||| DRINKING 2 fizzy black potions.
  3208 | D:3      | 3208 ||| DROPPING potion of ambrosia.
  3324 | D:4      | Reached skill level 3 in Armour
  3506 | D:4      | 3506 ||| Stepping ~*~*~tactically~*~*~ (hiding).
  3509 | D:4      | 3509 ||| INVOKING Berserk.
  3625 | D:4      | 3625 ||| DROPPING +0 whip.
  3649 | D:4      | 3649 ||| Stepping ~*~*~tactically~*~*~ (stealth).
  3673 | D:4      | 3673 ||| Stepping ~*~*~tactically~*~*~ (hiding).
  3674 | D:4      | 3674 ||| Stepping ~*~*~tactically~*~*~ (hiding).
  3999 | D:4      | 3999 ||| DROPPING amulet of magic regeneration.
  4000 | D:4      | 4000 ||| DRINKING 2 fizzy golden potions.
  4001 | D:4      | 4001 ||| READING 2 scrolls of identify.
  4001 | D:4      | 4001 ||| IDENTIFYING glowing cyan potion
  4002 | D:4      | 4002 ||| DROPPING potion of degeneration.
  4016 | D:5      | Entered Level 5 of the Dungeon
  4278 | D:5      | 4278 ||| INVOKING Berserk.
  4281 | D:5      | Reached skill level 10 in Axes
  4557 | D:5      | 4557 ||| Stepping ~*~*~tactically~*~*~ (stealth).
  4573 | D:5      | 4573 ||| Stepping ~*~*~tactically~*~*~ (stealth).
  4575 | D:5      | 4575 ||| Stepping ~*~*~tactically~*~*~ (stealth).
  4579 | D:5      | Reached skill level 1 in Throwing
  4705 | D:5      | 4705 ||| INVOKING Berserk.
  4707 | D:5      | Reached skill level 6 in Fighting
  4707 | D:5      | Reached XP level 8. HP: 70/70 MP: 7/7
  4880 | D:5      | Found a staircase to the Ecumenical Temple.
  4882 | D:5      | 4882 ||| Stepping ~*~*~tactically~*~*~ (hiding).
  4883 | D:5      | 4883 ||| Stepping ~*~*~tactically~*~*~ (hiding).
  5094 | D:5      | 5094 ||| INVOKING Berserk.
  5102 | D:5      | Reached skill level 11 in Axes
  5128 | D:5      | 5128 ||| DRINKING 3 potions of curing.
  5128 | D:5      | 5128 ||| (to cure confusion)
  5131 | D:5      | 5131 ||| DRINKING 2 potions of curing.
  5131 | D:5      | 5131 ||| (to cure confusion)
  5295 | D:5      | 5295 ||| INVOKING Berserk.
  5458 | D:5      | Reached *** piety under Trog
  5533 | D:5      | 5533 ||| UPGRADING to amulet of regeneration.
  5538 | D:5      | 5538 ||| READING 2 scrolls of identify.
  5538 | D:5      | 5538 ||| IDENTIFYING clear potion
  5539 | D:5      | 5539 ||| DROPPING potion of magic.
  5556 | D:6      | Found an iron altar of Okawaru.
  5558 | D:6      | 5558 ||| Stepping ~*~*~tactically~*~*~ (stealth).
  5618 | D:6      | Found Duihyfo's Magic Scroll Emporium.
  5678 | D:6      | Noticed a cyclops
  5682 | D:6      | Noticed a six-headed hydra
  5684 | D:6      | 5684 ||| INVOKING Berserk.
  5687 | D:6      | Reached skill level 12 in Axes
  5689 | D:6      | Killed a cyclops
  5690 | D:6      | Reached XP level 9. HP: 80/80 MP: 8/8
  5695 | D:6      | HP: 27/120 [11-headed hydra (11)]
  5696 | D:6      | HP: 13/120 [11-headed hydra (6)]
  5696 | D:6      | HP: 5/120 [11-headed hydra (2)]
  5696 | D:6      | Mangled by an 11-headed hydra

Levels and vault maps discovered:
D:1:      scummos_arrival_hexagon, layout_basic,
          shapermc_ecumenical_altar_mp_vishouse, serial_park_tiny_pond,
          minivault_24
D:2:      layout_basic, nrook_mini_backslash, uniq_robin
D:3:      layout_basic, uniq_grinder, uniq_natasha, uniq_crazy_yiuf_cottage,
          uniq_sigmund
D:4:      layout_loops_ring
D:5:      layout_basic, minmay_temple_entry_statues_fountains,
          chequers_serial_rivers_room_b
D:6:      layout_cave_pools, okawaru_gym_becter, nicolae_take_the_stairs,
          hex_tiny, minmay_divided_ellipse

Skill      XL: |  1  2  3  4  5  6  7  8 |
---------------+-------------------------+-----
Axes           | 4 5 7 8 9 10 12 | 12.0
Fighting       | 4 6 7 |  7.7
Armour         | 4 5 |  5.1
Throwing       | 1 |  1.0
Dodging        | |  2.1

Action                   |  1- 3 |  4- 6 |  7- 9 || total
-------------------------+-------+-------+-------++-------
Melee: Hand axe          |    97 |    21 |       ||   118
       Headbutt          |     8 |     4 |    18 ||    30
       War axe           |       |    14 |   114 ||   128
       Punch             |       |       |     2 ||     2
Throw: Boomerang         |    10 |    18 |    50 ||    78
Invok: Berserk           |     1 |     4 |     7 ||    12
       Trog's Hand       |       |     1 |       ||     1
  Use: Scroll            |     1 |     6 |     5 ||    12
       Potion            |       |     2 |     4 ||     6
Armor: Animal skin       |    10 |       |       ||    10
       Chain mail        |    18 |    12 |     3 ||    33
       Plate armour      |       |       |    59 ||    59
Dodge: Dodged            |    38 |     9 |    29 ||    76

Table legend:
 A = Non-vault XP
 B = Vault XP
 C = Vault XP percentage of total XP
 D = Non-vault monster count
 E = Vault monster count
 F = Vault count percentage of total count
                 A         B        C        D         E       F
            +---------+---------+-------+---------+---------+-------
      Total |    1764 |    1193 |  40.3 |     109 |      18 |  14.2
            +---------+---------+-------+---------+---------+-------
        D:1 |      50 |       0 |   0.0 |      29 |       0 |   0.0
        D:2 |      77 |      33 |  30.0 |      23 |      11 |  32.4
        D:3 |      83 |     564 |  87.2 |       6 |       3 |  33.3
        D:4 |     278 |       0 |   0.0 |      17 |       0 |   0.0
        D:5 |     919 |       0 |   0.0 |      23 |       0 |   0.0
        D:6 |     357 |     596 |  62.5 |      11 |       4 |  26.7
            +---------+---------+-------+---------+---------+-------
